Map: Lock & Load

Players

Yuriprime

  • Race: Zerg Zerg
  • Spawn Location: 7:00

CtG

  • Race: Protoss Protoss
  • Spawn Location: 6:00

VOD

Have the link to the VOD?

Description

Time

  • Played on: Oct. 8, 2017, 2:47 a.m.
  • Length: 6:15
Show
View Real Time Build Order
Export as new Build Order

Yuriprime Zerg 

Build Orders:  

Get SALT Encoding   

  12  0:05  Drone  
  13  0:18  Overlord  
  13  0:31  Drone  
  14  0:50  Drone  
  14  0:51  Roach Warren  
  14  0:55  Drone  
  15  1:33  Roach x3  
  15  1:36  Extractor  
  15  1:38  Drone, Extractor  
  20  1:44  Drone  
  21  2:10  Drone  
  22  2:50  Roach  
  22  2:54  Lair  
  22  3:12  Brutalisk  
  22  3:32  Roach  
  22  3:54  Brutalisk  
  22  3:58  Roach  
  22  3:59  Spire  
  21  4:20  Brutalisk  
  21  4:42  Overlord x3  
  21  4:51  Evolution Chamber, Mutalisk  
  22  5:30  Mutalisk  
  22  5:58  Leviathan  
Show
View Real Time Build Order
Export as new Build Order

CtG Protoss 

Build Orders:  

Get SALT Encoding   

  12  0:02  Probe (Chrono Boost)  
  13  0:16  Probe (Chrono Boost)  
  14  0:30  Probe (Chrono Boost)  
  14  0:35  Gateway  
  15  0:44  Probe (Chrono Boost)  
  16  0:51  Assimilator  
  16  0:58  Probe (Chrono Boost)  
  17  1:11  Probe (Chrono Boost)  
  18  1:25  Probe (Chrono Boost)  
  19  1:35  Assimilator  
  19  1:39  Probe (Chrono Boost)  
  19  1:42  Cybernetics Core  
  19  1:45  Pylon  
  20  1:53  Probe (Chrono Boost)  
  21  2:07  Probe (Chrono Boost)  
  22  2:21  Probe (Chrono Boost)  
  23  2:35  Robotics Facility, Probe (Chrono Boost)  
  24  2:49  Probe (Chrono Boost)  
  25  2:54  Robotics Facility  
  25  3:01  Zealot  
  27  3:13  Probe  
  28  3:21  Dragoon  
  30  3:30  Probe  
  31  4:55  Immortal x2  
  31  4:57  Dragoon x2  
  31  4:58  Dragoon  
  45  5:26  Dragoon  
  45  5:29  Observer  
Tags
 
Matchup
Co-op
Replay Pack
Co-op Speedrun
Add a new tag
Caveats
  • Supply blocks, unpowered buildings, or Contaminate may cause inaccurate times.
  • Supply counts are checked every 10 seconds.